 Dungeon Crawl Stone Soup version 0.20-a0-204-ge9bc5e3 (webtiles) character file.

883 Faca the Shield-Bearer (level 8, -3/61 HPs)
             Began as a Formicid Fighter on Nov 24, 2016.
             Slain by a bullfrog (5 damage)
             ... on level 6 of the Dungeon.
             The game lasted 00:15:31 (3601 turns).

Faca the Shield-Bearer (Formicid Fighter)           Turns: 3601, Time: 00:15:32

Health: -3/61      AC: 11    Str: 21      XL:     8   Next: 26%
Magic:  8/8        EV:  7    Int:  7 (8)  God:
Gold:   218        SH: 10    Dex: 12      Spells: 7/7 levels left

rFire  . . .     SeeInvis +     a - +1 war axe
rCold  . . .     Gourm    .     e - +2 chain mail {rPois}
rNeg   . . .     Faith    .     c - +0 shield
rPois  +         Spirit   .     (helmet unavailable)
rElec  .         Reflect  .     (no cloak)
rCorr  .         Harm     .     (no gloves)
MR     .....                    (no boots)
Stlth  ..........               (no amulet)
                                (no ring)
                                f - ring of poison resistance

@: no status effects
A: permanent stasis, dig shafts and tunnels, four strong arms, antennae 3
a: Dig, Shaft Self


You were on level 6 of the Dungeon.
You were not hungry.

You visited 1 branch of the dungeon, and saw 6 of its levels.

You collected 218 gold pieces.

Inventory:

Hand Weapons
 a - a +1 war axe (weapon)
Armour
 c - a +0 shield (worn)
 e - a +2 chain mail of poison resistance (worn)
Jewellery
 f - a ring of poison resistance (left hand)
Scrolls
 g - a scroll of fear
 i - 2 scrolls of identify
 l - a scroll of amnesia
Potions
 b - a potion of heal wounds
 d - a potion of might
Comestibles
 h - a royal jelly
 j - a beef jerky
 k - 2 bread rations


   Skills:
 + Level 4.9 Fighting
 + Level 5.8 Axes
 + Level 5.3 Armour
 + Level 1.5 Dodging
 + Level 0.3 Stealth
 + Level 6.1 Shields


You had 7 spell levels left.
You didn't know any spells.

Dungeon Overview and Level Annotations

Branches:
Dungeon (6/15)
 Temple: D:4-7

Altars:
Qazlal

Annotations:
D:6 Karnivor's ghost, novice GrEE


Innate Abilities, Weirdness & Mutations

You cannot be hasted, slowed, berserked, paralysed or teleported.
You can dig through walls and to a lower floor.
Your four strong arms can wield two-handed weapons with a shield.
You have a pair of large antennae on your head. (SInv)


Message History

You block the black bear's attack. The bullfrog closely misses you.
A wight comes into view. It is wielding a halberd.
You barely miss the black bear.
The black bear is heavily wounded.
You slash the bullfrog!
You hit Karnivor's ghost but do no damage.
Karnivor's ghost casts a spell at you. The stone arrow hits you!
* * * LOW HITPOINT WARNING * * *
The bullfrog barely misses you. You block the black bear's attack.
The black bear claws you but does no damage.
You block the black bear's attack.
Karnivor's ghost hits you but does no damage.
Your shield and chain mail prevent you from hitting the black bear.
The black bear is heavily wounded.
You barely miss Karnivor's ghost. You hit the bullfrog.
The bullfrog closely misses you. You block the black bear's attack.
The black bear claws you but does no damage.
You block the black bear's attack. The bullfrog hits you.
You die...

..#....... #.#......#.
## #.#........ ##..
#####..........
....###...(.†.....).
....... ##.....#.# #
....$.. ##.....#..##.#
.(....W##...)......#.##
......h@..............##
......F....)............
....#####............###
..# #.............## .
##..........#.##
.....z..#........
...###..########. .###
#.... #. #.#.# ##


You could see a black bear, a bullfrog, a wight and Karnivor's ghost.

Vanquished Creatures
  Grinder (D:5)
  2 ogres (D:5)
  A scorpion (D:5)
  A centaur zombie (D:4)
  2 orc priests (D:6)
  4 orc wizards
  A bullfrog skeleton (D:5)
  2 worker ants
  Robin (D:2)
  A howler monkey skeleton (D:4)
  6 adders
  A worm (D:3)
  5 dart slugs
  6 leopard geckos
  11 orcs
  2 ball pythons
  5 bats
  4 giant cockroaches
  16 goblins
  14 hobgoblins
  4 quokkas
  A frilled lizard (D:4)
  2 kobolds (D:1)
  A quokka skeleton (D:5)
  4 rats
98 creatures vanquished.

Notes
Turn   | Place    | Note
-------+----------+-------------------------------------------
     0 | D:1      | Faca the Formicid Fighter began the quest for the Orb.
     0 | D:1      | Reached XP level 1. HP: 18/18 MP: 1/1
    65 | D:1      | Reached XP level 2. HP: 22/24 MP: 2/2
   298 | D:1      | Reached XP level 3. HP: 29/29 MP: 3/3
   539 | D:1      | Reached skill level 4 in Shields
   868 | D:2      | Noticed Robin
   878 | D:2      | Reached XP level 4. HP: 37/37 MP: 4/4
   887 | D:2      | Killed Robin
  1356 | D:2      | Reached XP level 5. HP: 39/42 MP: 5/5
  2013 | D:4      | Reached skill level 5 in Shields
  2013 | D:4      | Reached XP level 6. HP: 38/48 MP: 6/6
  2021 | D:4      | Reached skill level 1 in Dodging
  2701 | D:5      | Entered Level 5 of the Dungeon
  2703 | D:5      | Found a stormy altar of Qazlal.
  2704 | D:5      | Noticed an air elemental
  2711 | D:5      | Noticed a fire elemental
  2711 | D:5      | Noticed a water elemental
  2727 | D:5      | Reached XP level 7. HP: 43/54 MP: 7/7
  2840 | D:5      | Reached skill level 5 in Axes
  3098 | D:5      | Noticed Grinder
  3134 | D:5      | Killed Grinder
  3134 | D:5      | Reached skill level 5 in Armour
  3134 | D:5      | Reached skill level 6 in Shields
  3134 | D:5      | Reached XP level 8. HP: 30/61 MP: 8/8
  3590 | D:6      | Noticed Karnivor's ghost (novice GrEE)
  3600 | D:6      | HP: 1/61 [Karnivor's ghost/stone arrow (9)]
  3601 | D:6      | Slain by a bullfrog

Vault maps used:
D:1:      dpeg_arrival_solitude
D:2:      uniq_robin
D:3:      minmay_misc_feat_diagonals
D:5:      first_bread, nicolae_qazlal_style_of_elements, uniq_grinder
D:6:      gup_sewer_entry_bubbles

Skill      XL: |  1  2  3  4  5  6  7 |
---------------+----------------------+-----
Shields        | 4 5 6 |  6.1
Armour         | 4 5 |  5.3
Axes           | 3 4 5 |  5.8
Fighting       | 4 |  4.9
Dodging        | 1 |  1.5
Stealth        | |  0.3

Action                   |  1- 3 |  4- 6 |  7- 9 || total
-------------------------+-------+-------+-------++-------
Melee: War axe           |    91 |   168 |    70 ||   329
  Use: Potion            |     2 |     2 |     4 ||     8
       Scroll            |     1 |     5 |     4 ||    10
 Stab: Distracted        |       |     1 |       ||     1
  Eat: Bread ration      |       |     2 |       ||     2
       Chunk             |       |     1 |       ||     1
Armor: Scale mail        |    10 |       |       ||    10
       Chain mail        |    59 |    76 |    29 ||   164
Dodge: Dodged            |    27 |    39 |    28 ||    94
Block: Shield            |    60 |   106 |    42 ||   208
